 Dungeon Crawl Stone Soup version 0.26.1-11-gd32895ea62 (webtiles) character file.

Game seed: 17855084173079622033

1911 nothank2 the Geomancer (level 9, -2/45 HPs)
             Began as a Gargoyle Earth Elementalist on July 15, 2021.
             Was a Follower of Vehumet.
             Slain by an orc warrior
             ... wielding a +0 halberd
              (16 damage)
             ... on level 7 of the Dungeon.
             The game lasted 00:18:13 (7973 turns).

nothank2 the Geomancer (GrEE)                       Turns: 7973, Time: 00:18:13

Health: -2/45      AC: 11    Str: 12    XL:     9   Next: 16%
Magic:  0/19       EV: 12    Int: 25    God:    Vehumet [*.....]
Gold:   187        SH:  0    Dex: 10    Spells: 9/22 levels left

rFire    + . .     SeeInvis .   H - +8 broad axe of Inflation {drain, Int+6 Stlth+}
rCold    x . .     Faith    .   (no shield)
rNeg     + . .     Spirit   +   c - +0 robe
rPois    ∞         Reflect  .   (no helmet)
rElec    +         Harm     .   n - +0 cloak
rCorr    .         Rampage  .   B - +0 pair of gloves
Will     .....                  q - +0 pair of boots
Stlth    +++.......             w - amulet of guardian spirit
HPRegen  0.15/turn              o - ring of fire
MPRegen  0.16/turn              (no ring)

@: no status effects
A: negative energy resistance 1, electricity resistance, unbreathing,
petrification resistance, miasma immunity, AC +6
a: Renounce Religion


You were on level 7 of the Dungeon.
You worshipped Vehumet.
Vehumet was aware of your devotion.
You visited 2 branches of the dungeon, and saw 8 of its levels.
You also visited: Sewer.

You collected 614 gold pieces.
You spent 427 gold pieces at shops.

Inventory:

Hand Weapons
 a - a +0 dagger
 m - a +0 mace of protection
 u - a +3 spear of venom
 y - the +0 war axe of Brawling {vorpal, rC+ rN+++ Str-4 SInv}
   (You bought it in a shop on level 4 of the Dungeon)

   It inflicts extra damage upon your enemies.
   It affects your strength (-4).
   It protects you from cold.
   It renders you almost immune to negative energy.
   It lets you see invisible.
 G - a +2 long sword of flaming
 H - the +8 broad axe of Inflation (weapon) {drain, Int+6 Stlth+}
   (You found it on level 7 of the Dungeon)

   A truly terrible weapon, it drains the life of those it strikes.
   It affects your intelligence (+6).
   It makes you more stealthy.
Missiles
 b - 91 stones
Armour
 c - a +0 robe (worn)
 n - a +0 cloak (worn)
 q - a +0 pair of boots (worn)
 B - a +0 pair of gloves (worn)
Jewellery
 o - a ring of fire (left hand)
 w - an amulet of guardian spirit (around neck)
Wands
 p - a wand of random effects (21)
 z - a wand of paralysis (5)
 D - a wand of enslavement (3)
 E - a wand of acid (7)
Scrolls
 d - 6 scrolls of teleportation
 h - a scroll of enchant weapon
 i - a scroll of magic mapping
 j - 10 scrolls of identify
 s - 2 scrolls of remove curse
 t - 3 scrolls of fear {unknown}
 A - 2 scrolls of enchant armour {unknown}
 C - 4 scrolls of amnesia {unknown}
Potions
 e - 2 potions of attraction {unknown}
 f - 2 potions of cancellation {unknown}
 g - 5 potions of curing
 k - a potion of resistance {unknown}
 l - 3 potions of invisibility {unknown}
 r - 2 potions of magic {unknown}
 v - 3 potions of haste
 x - 5 potions of flight
 F - a potion of brilliance {unknown}


   Skills:
 - Level 1.5 Dodging
 - Level 2.1 Stealth
 + Level 7.0 Spellcasting
 + Level 5.6 Conjurations
 - Level 1.0 Transmutations
 + Level 9.4 Earth Magic


You had 9 spell levels left.
You knew the following spells:

 Your Spells              Type           Power        Failure   Level
a - Sandblast             Erth           100%         1%          1
b - Stone Arrow           Conj/Erth      92%          1%          3
c - Petrify               Tmut/Erth      34%          8%          4
d - Lee's Rapid Deconstr  Erth           27%          3%          5

Your spell library contained the following spells:

 Spells                   Type           Power        Failure   Level
 Magic Dart               Conj           100%         1%          1
 Passwall                 Tmut/Erth      28%          1%          2
 Confusing Touch          Hex            8%           21%         3
 Gell's Gravitas          Tloc           4%           21%         3
 Yara's Violent Unravell  Hex/Tmut       5%           83%         5
 Metabolic Englaciation   Hex/Ice        4%           88%         5


Dungeon Overview and Level Annotations

Branches:
Dungeon (7/15)             Temple (1/1) D:5           Sewer (visited)

Altars:
Cheibriados
Dithmenos
Elyvilon
Fedhas
Hepliaklqana
Kikubaaqudgha
Makhleb
Nemelex Xobeh
Okawaru
Qazlal
Ru
Sif Muna
Trog
Uskayaw
Vehumet
Wu Jian
Xom
Yredelemnul
Zin
The Shining One

Shops:
D:4 (?(   D:6 (

Annotations:
D:7 2 transporters, ChodeyFoster420's ghost, novice DsGl


Innate Abilities, Weirdness & Mutations

You are resistant to torment.
Your stone body is resilient. (AC +6)
You are immune to poison.
You resist negative energy. (rN+)
You are resistant to electric shocks. (rElec)
You can survive without breathing.
You are immune to petrification.
You are immune to miasma.


Message History

Deactivating autopickup; reactivate with Ctrl-A.
The orc warrior barely misses you.
The blast of sand hits the orc warrior!
The orc warrior is moderately wounded.
The orc warrior misses you.
The blast of sand misses the orc warrior.
The phantom blinks!
The orc warrior hits you from afar with a +0 halberd!!
An orc comes into view.
The phantom hits you.
You closely miss the phantom.
The phantom blinks!
The orc warrior closely misses you.
The phantom hits you but does no damage.
You closely miss the phantom.
The orc warrior hits you from afar with a +0 halberd!!
The phantom hits you.
You hear a shout!
You are too injured to fight recklessly!
The orc warrior hits you with a +0 halberd!!
You die...

#.8#..#
#..........#
......#
##.##.####.#
......# #.##.#
#.8#..# #.##.#
#_##..# #.##.#
####..########
#.##.##
####.........#
#.##..
......######.#
#W##.# #######
#.# #@##.##
#.#
#o#...###.#
#.#
#.o....o..#
##.#
###...###.
#..# ##)##
#.## .# #.# .#
#.### §# #...#
.#


You could see a phantom, an orc warrior and an orc.

Vanquished Creatures
  Pikel (D:6)
  Menkaure (D:5)
  A phantom (D:6)
  2 ogres
  A centaur (D:7)
  A bullfrog (D:6)
  2 scorpions (D:4)
  3 wights (D:6)
  3 jellies
  A centaur skeleton (D:5)
  Crazy Yiuf (D:2)
  3 hounds
  2 orc wizards (D:6)
  A merfolk siren (Sewer)
  A merfolk avatar (Sewer)
  6 worker ants
  5 adders
  A river rat (Sewer)
  A white imp (D:6)
  2 oozes
  4 worms
  5 dart slugs
  10 leopard geckos
  10 orcs
  12 giant cockroaches
  6 goblins
  7 hobgoblins
  11 jackals
  2 kobolds
  2 quokkas (D:4)
  7 ball pythons
  5 bats
  7 frilled lizards
  A leopard gecko zombie (D:6)
  28 rats
156 creatures vanquished.

Vanquished Creatures (others)
  A plant (D:6)
1 creature vanquished.

Grand Total: 157 creatures vanquished

Notes
Turn   | Place    | Note
-------+----------+-------------------------------------------
     0 | D:1      | nothank2 the Gargoyle Earth Elementalist began the quest
                  | for the Orb.
     0 | D:1      | Reached XP level 1. HP: 10/10 MP: 3/3
    58 | D:1      | Reached skill level 1 in Transmutations
   160 | D:1      | Reached XP level 2. HP: 14/15 MP: 1/5
   316 | D:1      | Reached skill level 4 in Earth Magic
   870 | D:1      | Reached XP level 3. HP: 19/19 MP: 4/6
  1283 | D:2      | Learned a level 3 spell: Stone Arrow
  1336 | D:2      | Found a bloodstained altar of Trog.
  1681 | D:2      | Found a runed translucent door.
  1682 | D:2      | Noticed Crazy Yiuf
  2126 | D:2      | Reached XP level 4. HP: 24/24 MP: 8/8
  2371 | D:2      | Learned a level 4 spell: Petrify
  2381 | D:2      | Found a white marble altar of Elyvilon.
  2462 | D:2      | Found a hazy altar of Hepliaklqana.
  2499 | D:2      | Found an ancient bone altar of Kikubaaqudgha.
  2499 | D:2      | Found a snail-covered altar of Cheibriados.
  2499 | D:2      | Found a hide-covered altar of Uskayaw.
  2643 | D:2      | Killed Crazy Yiuf
  2644 | D:2      | Reached skill level 5 in Earth Magic
  3450 | D:3      | Found a sparkling altar of Nemelex Xobeh.
  3453 | D:3      | Found an iron altar of Okawaru.
  3453 | D:3      | Found a bloodstained altar of Trog.
  3455 | D:3      | Found an iron altar of Okawaru.
  3455 | D:3      | Found a blossoming altar of Fedhas.
  3455 | D:3      | Found a shimmering altar of Xom.
  3752 | D:4      | Reached XP level 5. HP: 28/28 MP: 10/10
  3928 | D:4      | Found a glowing drain.
  3951 | Sewer    | Entered a sewer
  4115 | Sewer    | Reached skill level 6 in Earth Magic
  4432 | Sewer    | Reached XP level 6. HP: 32/32 MP: 12/12
  4699 | D:4      | Found Qoazec's Antique Weapon Shop.
  4715 | D:4      | Bought a smoking war axe for 204 gold pieces
  4715 | D:4      | Identified the cursed +0 war axe of Brawling {vorpal, rC+
                  | rN+++ Str-4 SInv} (You bought it in a shop on level 4 of
                  | the Dungeon)
  4944 | D:4      | Found Beifez's Magic Scroll Shoppe.
  4952 | D:4      | Bought a scroll of identify for 20 gold pieces
  4952 | D:4      | Bought a scroll of identify for 20 gold pieces
  5163 | D:4      | Found Ramiuh's Weapon Shoppe.
  5513 | D:5      | Entered Level 5 of the Dungeon
  5640 | D:5      | Reached XP level 7. HP: 36/36 MP: 11/14
  5776 | D:5      | Found a shadowy altar of Dithmenos.
  5793 | D:5      | Reached skill level 5 in Spellcasting
  5793 | D:5      | Reached skill level 7 in Earth Magic
  5839 | D:5      | Found a staircase to the Ecumenical Temple.
  5868 | Temple   | Entered the Ecumenical Temple
  5927 | Temple   | Became a worshipper of Vehumet
  6085 | D:5      | Reached skill level 1 in Conjurations
  6094 | D:5      | Found a glowing golden altar of the Shining One.
  6232 | D:5      | Noticed Menkaure
  6241 | D:5      | Killed Menkaure
  6700 | D:6      | Reached XP level 8. HP: 28/41 MP: 5/16
  6701 | D:6      | Reached skill level 8 in Earth Magic
  6707 | D:6      | Learned a level 5 spell: Lee's Rapid Deconstruction
  7163 | D:6      | Reached * piety under Vehumet
  7163 | D:6      | Offered knowledge of Magic Dart by Vehumet.
  7288 | D:6      | Found Naxyicirch's Hydra Hut.
  7289 | D:6      | Noticed a four-headed hydra
  7300 | D:6      | Bought a +2 long sword of flaming for 183 gold pieces
  7363 | D:6      | Found a radiant altar of Vehumet.
  7526 | D:7      | Noticed Pikel
  7565 | D:6      | Killed Pikel
  7566 | D:6      | Reached skill level 5 in Conjurations
  7566 | D:6      | Reached skill level 9 in Earth Magic
  7566 | D:6      | Reached XP level 9. HP: 32/45 MP: 8/19
  7801 | D:7      | Found a transporter.
  7805 | D:7      | Found a transporter.
  7805 | D:7      | Noticed ChodeyFoster420's ghost (novice DsGl)
  7880 | D:7      | Found a bloodstained altar of Trog.
  7887 | D:7      | Found a sparkling altar of Nemelex Xobeh.
  7891 | D:7      | Found a shimmering blue altar of Sif Muna.
  7919 | D:7      | Got a smoking broad axe
  7920 | D:7      | Identified the +8 broad axe of Inflation {drain, Int+6
                  | Stlth+} (You found it on level 7 of the Dungeon)
  7973 | D:7      | Slain by an orc warrior

Illustrated notes

Levels and vault maps discovered:
D:1:      dpeg_arrival_subterranean_lakeside_camping, layout_basic
D:2:      layout_rooms, gammafunk_temple_overflow_forgotten,
          nzn_hepliaklqana_mist_gate, lemuel_crystal_altar, bloody_trog,
          uniq_crazy_yiuf_cottage
D:3:      layout_basic, doesnt_xom_only_xom
D:4:      layout_gridville, gup_sewer_entry_pipe, serial_shops,
          nicolae_shop_stone, shop, nicolae_shop_behind_doors,
          roderic_lattice_a, kennysheep_pointless_box
D:5:      layout_basic, overflow_temple_1_default,
          nicolae_dithmenos_shadow_blocks, minmay_temple_entry_large_hall,
          kennysheep_generic_room_15, uniq_menkaure
D:6:      layout_rooms, basic_altar, doesnt_shop_hydraphobe
D:7:      layout_loops_ring, minitemple, gammafunk_ghost_arena, uniq_pikel
Temple:   dpeg_three_leaves_temple

Skill      XL: |  1  2  3  4  5  6  7  8  9 |
---------------+----------------------------+-----
Transmutations | 1 |  1.0
Earth Magic    | 4 5 6 7 9 |  9.4
Spellcasting   | 3 4 5 6 7 |  7.0
Conjurations   | 2 5 |  5.6
Dodging        | |  1.5
Stealth        | |  2.1

Action                   |  1- 3 |  4- 6 |  7- 9 || total
-------------------------+-------+-------+-------++-------
Melee: Dagger            |   134 |    23 |       ||   157
       Mace              |       |    10 |       ||    10
       Spear             |       |   153 |   129 ||   282
       War axe           |       |    42 |       ||    42
       Long sword        |       |       |    17 ||    17
       Broad axe         |       |       |     5 ||     5
 Cast: Sandblast         |    29 |    24 |    32 ||    85
  Use: Scroll            |       |     5 |       ||     5
 Stab: Sleeping          |     1 |     9 |     3 ||    13
Armor: Robe              |    37 |    81 |    75 ||   193
Dodge: Dodged            |    91 |   125 |   106 ||   322
       Rpst.: Long sword |       |       |     7 ||     7
